Unix NetHack Version 5.0.0-0 post-release - last build May  4 2026 22:22:43 (774f63e81ad911689b3a0859ea89b322d5daca8d,branch:main).

Game began 2026-05-07 10:30:57, ended 2026-05-07 11:48:16.

01246791210, neutral male human Barbarian

                                         ----              ----   ---
                                         |..|---           |..|.---.--
                                        --..--.--          |.........|
                                      ---.......|         -----.....--
                                     |.........`-----------.........|
                                 -----...........--.........------.--
                               ---.....<............---------    ---
                               |....................-                  ------
                               |..............--......|.---            |..(.--
                               --..---.......--   ........|        ------....|
                                     --.......--..........----------...--....|
                                      -->[..................--.|..|..%....----
                                       |...*........................--..---
                                       -................----.......--|.--
                                     ......                 -......| |.|
                                     ....).                 |......| |.|
                                     --)..-                 --....-- |.|
                                      --.-----               |....| --.|
                                       .....@h               |....| |..|
                                        ------               ---.-- |..|
                                                               ---  ----
01246791210 the Pillager   St:18 Dx:16 Co:18 In:7 Wi:9 Ch:6  Neutral
Dlvl:5  $:70 HP:0(57) Pw:17(17) AC:7  Xp:5 T:4682  Fainted  Burdened Deaf

Latest messages:
 You don't have anything to eat.
 You faint from lack of food.
 You regain consciousness.
 You can hear again.
 You faint from lack of food.
 You regain consciousness.
 You faint from lack of food.
 An arrow misses you.
 You are hit by an arrow.
 You are hit by an arrow!
 You regain consciousness.
 You can hear again.
 The gnome swings his bow.
 The gnome hits!
 The gnome swings his bow.
 The gnome hits!
 You smite the gnome.
 The gnome swings his bow.
 The gnome hits!
 You kill the gnome!
 There are several objects here.
 You faint from lack of food.
 You regain consciousness.
 You can hear again.
 You faint from lack of food.
 You regain consciousness.
 You can hear again.
 You faint from lack of food.
 The dwarf swings her dwarvish mattock.
 The dwarf hits!
 The dwarf swings her dwarvish mattock.
 The dwarf hits!
 The dwarf swings her dwarvish mattock.
 The dwarf hits!
 You regain consciousness.
 You smite the dwarf!
 You can hear again.
 You faint from lack of food.
 The dwarf swings her dwarvish mattock.
 The dwarf hits!
 The dwarf swings her dwarvish mattock.
 The dwarf hits!
 The dwarf swings her dwarvish mattock.
 The dwarf hits!
 You die...
 Do you want your possessions identified? [ynq] (y) n
 Do you want to see your attributes? [ynq] (y) n
 Do you want an account of creatures vanquished? [ynaq] (y) n
 Do you want to see your conduct and achievements? [ynq] (y) n
 Do you want to see the dungeon overview? [ynq] (y) n

Inventory:
 Coins    ('$')
  $ - 70 gold pieces
 Weapons  (')')
  m - 7 +0 arrows
  B - a +0 sling
  q - 5 +0 daggers
  r - a cursed -4 dagger
  h - 2 +0 orcish daggers
  b - a +0 axe (alternate weapon; not wielded)
  e - a blessed +1 long sword
  J - a +0 mace
  K - a +0 scimitar
  a - a +0 two-handed sword (weapon in hands)
 Armor    ('[')
  l - a cursed -1 elven leather helm
  H - a cursed -1 helm of opposite alignment
  A - a cursed -1 orcish helm
  s - an uncursed +0 pair of iron shoes
  C - an uncursed +0 pair of iron shoes
  t - an uncursed +0 dwarvish cloak
  I - an uncursed +0 dwarvish cloak
  o - an uncursed +1 mummy wrapping
  c - an uncursed +0 ring mail (being worn)
 Scrolls  ('?')
  d - a cursed scroll of identify
  u - an uncursed scroll of magic mapping
  L - an uncursed scroll of punishment
  p - 2 uncursed scrolls of teleportation
  M - a cursed scroll of teleportation
 Potions  ('!')
  f - an uncursed potion of healing
  y - a cursed potion of healing
  v - an uncursed potion of levitation
  g - an uncursed potion of speed
 Wands    ('/')
  w - a wand of opening (0:6)
  j - a wand of sleep (0:6)
 Tools    ('(')
  F - an uncursed mirror
  G - an uncursed tin whistle
 Gems/Stones  ('*')
  i - 2 uncursed fluorite stones
  D - an uncursed worthless piece of black glass
  x - an uncursed worthless piece of orange glass
  E - 3 uncursed worthless pieces of white glass
  z - 8 uncursed rocks
  n - 6 cursed rocks

01246791210 the Barbarian's attributes:

Background:
 You were a Pillager, a level 5 male human Barbarian.
 You were neutral, nominally on a mission for Crom
 who was opposed by Mitra (lawful) and Set (chaotic).
 You were left-handed.
 You were in the Gnomish Mines, on level 5.
 You entered the dungeon 4682 turns ago.
 You had 305 experience points, 15 more were needed to attain level 6.

Basics:
 You had 0 out of 57 hit points.
 You had all 17 energy points (spell power).
 Your armor class was 7.
 Your wallet contained 70 zorkmids.
 Autopickup was off.

Final Characteristics:
 Your strength was 18 (base:18/01, limit:18/100).
 Your dexterity was 16 (limit:18).
 Your constitution was 18 (limit:18).
 Your intelligence was 7 (limit:18).
 Your wisdom was 9 (limit:18).
 Your charisma was 6 (limit:18).

Final Status:
 You were deaf.
 You were fainted due to starvation.
 You were burdened; movement was slightly slowed.
 You were wielding a two-handed sword.
 You had basic skill with two-handed sword and could have enhanced that.

Final Attributes:
 You were piously aligned.
 You were poison resistant.
 You were warded.
 You are dead.

Miscellaneous:
 You didn't encounter any bones levels.
 Total elapsed playing time was 45 minutes and 6 seconds.

Major events:
 Turn
    1: 01246791210 the neutral male human Barbarian entered the dungeon
 1096: attained the rank of Pillager (level 3)
 3757: entered the Gnomish Mines
 4682: killed by a dwarf, while fainted from lack of food

You didn't know any spells.

Skills:
 Fighting Skills
   bare handed combat [Basic]
   two weapon combat  [Unskilled]
   riding             [Unskilled]
 Weapon Skills
   dagger             [Unskilled]
   axe                [Basic]
   pick-axe           [Unskilled]
   short sword        [Unskilled]
   broadsword         [Unskilled]
   long sword         [Unskilled]
   two-handed sword   [Basic]
   saber              [Unskilled]
   club               [Unskilled]
   mace               [Unskilled]
   morning star       [Unskilled]
   flail              [Unskilled]
   hammer             [Unskilled]
   quarterstaff       [Unskilled]
   spear              [Unskilled]
   trident            [Unskilled]
   bow                [Unskilled]
 Spellcasting Skills
   attack spells      [Unskilled]
   escape spells      [Unskilled]

Voluntary challenges:
 Character rerolling was not enabled.
 You were vegetarian.
 You were an atheist.
 You never genocided any monsters.
 You never polymorphed an object.
 You never changed form.
 You used no wishes.
Achievements:
 You attained the rank of Pillager.
 You entered a shop.
 You entered the Gnomish Mines.

 The Dungeons of Doom: levels 1 to 5
    Level 1:
       A fountain.
    Level 2:
    Level 3:
       Many fountains.
    Level 4:
       A weapon shop.
       Stairs down to The Gnomish Mines.
    Level 5:
 The Gnomish Mines: levels 5 to 6
    Level 5: <- You were here.
       Final resting place for
          you, killed by a dwarf, while fainted from lack of food.
    Level 6:


Vanquished creatures:
  a shrieker
  3 gnome leaders
  a kobold mummy
  a straw golem
  2 floating eyes
  2 dwarves
  2 homunculi
  a kobold leader
  4 iguanas
  a coyote
  a gas spore
  a hobbit
  6 manes
  a hobgoblin
  a giant rat
  a cave spider
  a brown mold
  7 gnomes
  2 gnome zombies
  a gecko
  3 jackals
  4 foxes
  a kobold
  4 goblins
  7 sewer rats
  9 grid bugs
  3 lichens
  3 newts
74 creatures vanquished.

No species were genocided or became extinct.

Game over:
                       ----------
                      /          \
                     /    REST    \
                    /      IN      \
                   /     PEACE      \
                  /                  \
                  |   01246791210    |
                  |      70 Au       |
                  |   killed by a    |
                  |      dwarf       |
                  |                  |
                  |                  |
                  |       2026       |
                 *|     *  *  *      | *
        _________)/\\_//(\/(/\)/\//\/|_)_______

Goodbye 01246791210 the Barbarian...

You died in The Gnomish Mines on dungeon level 5 with 1533 points,
and 70 pieces of gold, after 4682 moves.
You were level 5 with a maximum of 57 hit points when you died.

